 Dungeon Crawl Stone Soup version 0.18-a0-1327-gce91241 (webtiles) character file.

23 Reinor the Ducker (level 2, 0/16 HPs)
             Began as a Spriggan Abyssal Knight on Feb 16, 2016.
             Was a Follower of Lugonu.
             Slain by Terence
             ... wielding a +0 hand axe
              (4 damage)
             ... on level 2 of the Dungeon.
             The game lasted 00:05:13 (1361 turns).

Reinor the Ducker (Spriggan Abyssal Knight)         Turns: 1361, Time: 00:05:13

Health: 0/16       AC:  2    Str:  9 (10) XL:     2   Next: 72%
Magic:  4/4        EV: 19    Int: 13      God:    Lugonu [*.....]
Gold:   87         SH:  0    Dex: 15      Spells: 0 memorised, 1 level left

rFire  . . .     SeeInvis +     a - +2 short sword
rCold  + . .     Gourm    .     b - +0 robe
rNeg   + . .     Faith    .     (shield restricted)
rPois  .         Spirit   .     (helmet restricted)
rElec  .         Dismiss  .     (no cloak)
rCorr  .         Reflect  .     (gloves unavailable)
SustAt .         Harm     .     (boots unavailable)
MR     .....     Rnd*Rage +     (no amulet)
Stlth  ++........               (no ring)
                                e - ring of positive energy

@: very quick, not resistant to hostile enchantments, unstealthy
A: unfitting armour, see invisible, berserk 1, cold resistance 1, deterioration
1, herbivore 3, speed 3, high mp 1, slow metabolism 2, strong 1
a: Depart the Abyss, Renounce Religion


You were on level 2 of the Dungeon.
You worshipped Lugonu.
Lugonu was aware of your devotion.
You were not hungry.

You visited 1 branch of the dungeon, and saw 2 of its levels.
You visited the Abyss 1 time.

You collected 87 gold pieces.

Inventory:

Hand Weapons
 a - a +2 short sword (weapon)
Armour
 b - a +0 robe (worn)
Jewellery
 e - a ring of positive energy (left hand)
Scrolls
 d - 2 scrolls of amnesia
 f - a scroll of remove curse {unknown}
 g - 3 scrolls of random uselessness {unknown}
 h - a scroll of fog {unknown}
Potions
 k - a potion of brilliance
Comestibles
 c - 3 bread rations
 m - a royal jelly


   Skills:
 - Level 2.6 Fighting
 + Level 2.6 Short Blades
 - Level 4.0 Dodging
 + Level 1.4 Stealth
 - Level 1.9 Invocations


You had one spell level left.
You didn't know any spells.

Dungeon Overview and Level Annotations

Branches:
Dungeon (2/15)

Altars:
Xom

Annotations:
D:2 Terence


Innate Abilities, Weirdness & Mutations

You are tiny and cannot use many weapons and most armour.
You have supernaturally acute eyesight.
You are an herbivore.
You cover ground extremely quickly.
You need consume almost no food.
You tend to lose your temper in combat.
Your flesh is cold resistant.
Your body sometimes deteriorates upon taking damage.
You have an increased reservoir of magic (+10% MP).
Your muscles are strong. (Str +2)


Message History

You hit Terence.
Terence is heavily wounded.
Terence says, "You're history."
Terence completely misses you.
You hit Terence but do no damage.
Terence is heavily wounded.
Terence misses you.
You hit Terence but do no damage.
Terence is heavily wounded.
Terence hits you with a hand axe.
* * * LOW HITPOINT WARNING * * *
Drink which item? (? for menu, Esc to quit)
Okay, then.
You hit Terence but do no damage.
Terence is heavily wounded.
Terence completely misses you.
You hit Terence but do no damage.
Terence is heavily wounded.
Terence hits you with a hand axe.
You die...

#..####.####.####.####
#.....................
#.....###########.####
#.##### #..........
#.# #.####.#### #.#
#.#... #.##########.
#.#.## #...........(
#.#.#. #####@######
#.#... #@# #.#.## #.#
#.#... #.. ..#### ###


You could see Terence.

Vanquished Creatures
  A giant gecko (D:1)
  2 bats (D:1)
  3 giant cockroaches (D:1)
  4 goblins
  A hobgoblin (D:1)
  4 kobolds (D:1)
  3 rats
18 creatures vanquished.

Notes
Turn   | Place    | Note
--------------------------------------------------------------
     0 | Abyss:1  | Reinor the Spriggan Abyssal Knight began the quest for the Orb.
     0 | Abyss:1  | Reached XP level 1. HP: 11/11 MP: 3/3
     1 | Abyss:1  | Found a corrupted altar of Lugonu.
     3 | Abyss:1  | Found a corrupted altar of Lugonu.
    63 | Abyss:1  | Found a stormy altar of Qazlal.
   134 | Abyss:2  | Noticed a neqoxec
   137 | Abyss:2  | Found a corrupted altar of Lugonu.
   169 | Abyss:2  | Noticed a small abomination
   180 | D:1      | Escaped the Abyss
   493 | D:1      | Reached XP level 2. HP: 16/16 MP: 4/4
   575 | D:1      | Reached * piety under Lugonu
   575 | D:1      | Reached skill level 4 in Dodging
   722 | D:1      | Reached skill level 1 in Stealth
  1154 | D:1      | Gained mutation: Your body sometimes deteriorates upon taking damage. [potion of mutation]
  1154 | D:1      | Gained mutation: You tend to lose your temper in combat. [potion of mutation]
  1154 | D:1      | Gained mutation: Your flesh is cold resistant. [potion of mutation]
  1155 | D:1      | Gained mutation: Your muscles are strong. (Str +2) [potion of mutation]
  1155 | D:1      | Gained mutation: You have an increased reservoir of magic (+10% MP). [potion of mutation]
  1327 | D:2      | Found a shimmering altar of Xom.
  1348 | D:2      | Noticed Terence
  1361 | D:2      | Slain by Terence

Vault maps used:
D:1:      dpeg_arrival_solitude, minmay_misc_feat_five, lemuel_another_geyser
D:2:      old_standard_altar, uniq_terence

Action                   || total
-------------------------++-------
Melee: Short sword       ||    67
Invok: Depart the Abyss  ||     1
  Use: Scroll            ||     6
       Potion            ||     3
 Stab: Sleeping          ||     4
